cohdb
Replays
Latest Replays
All Replays
Popular Replays
Top Player Replays
Match Explorer
How It Works
Community
CoH3 Stats
Reddit
Sign in to upload your games and track your stats! →
Sign in with Steam
Match 46602735
Unlisted
Match 46602735
Overview
Messages
Build Orders
End
Kradschützen Motorcycle Team
Selects Panzerjäger Kommand Battlegroup
Selects Blockade Equipment
Panzergrenadier Squad
250 Light Carrier
Panzergrenadier Squad
Construct Light Support Kompanie
Combat Half-tracks
Fire Support Elements
Panzergrenadier Squad
Flakvierling Half-track
Selects Defensive Positions
Panzerjäger Mechanized Group
2.5-tonne Medical Truck
Panzergrenadier Squad
Construct Panzerarmee Kommand
Selects Tank Busters
Selects Crew Shock Tactics
Walking Stuka Rocket Launcher
MG34 Team
Panzer III L Medium Tank
Panzer III L Medium Tank
K̳itsuné
aSIIDemolitionHammer
Septimum
Seocheon
0
0
Comments
sign in to comment!
No comments posted yet!